 Dungeon Crawl Stone Soup version 0.17.1-1-g73c8601 (webtiles) character file.

61 penguinsfan71 the Insei (level 3, -3/28 HPs)
             Began as a Demigod Transmuter on Dec 18, 2015.
             Slain by a gnoll
             ... wielding a +0 spear
              (7 damage)
             ... on level 2 of the Dungeon.
             The game lasted 00:08:30 (888 turns).

penguinsfan71 the Insei (Demigod Transmuter)         Turns: 888, Time: 00:08:31

Health: -3/28      AC:  5    Str: 15    XL:     3   Next: 58%
Magic:  7/8        EV: 11    Int: 17    God:
Gold:   26         SH:  0    Dex: 16    Spells: 1 memorised, 4 levels left

rFire  . . .     SeeInvis .     f - +2 dagger (venom)
rCold  . . .     Clarity  .     p - +0 ring mail
rNeg   . . .     SustAt   +     (no shield)
rPois  .         Gourm    .     (no helmet)
rElec  .         Spirit   .     (no cloak)
rCorr  .         Warding  .     (no gloves)
rMut   .         Stasis   .     (no boots)
MR     .....                    (no amulet)
Stlth  +.........               (no ring)
                                (no ring)

@: appendage, not resistant to hostile enchantments, very unstealthy
A: horns 2, high mp 1, sustain attributes
a: End Transformation


You were on level 2 of the Dungeon.
You were not hungry.
You had grown temporary horns.
You visited 1 branch of the dungeon, and saw 2 of its levels.

You collected 26 gold pieces.

Inventory:

Hand Weapons
 f - a +2 dagger of venom (weapon)
 g - a +0 club
 h - a +0 spear
 i - a +0 short sword
 j - a +0 club
 k - a +0 whip
 n - a +0 dagger
 o - a +0 short sword
 q - a +0 club
 s - a +0 club
 v - a +0 short sword
 w - a +0 club
Missiles
 a - 12 arrows
 e - a stone (quivered)
Armour
 b - a +0 robe
 p - a +0 ring mail (worn)
 r - a +0 buckler
Scrolls
 m - a scroll of remove curse
Potions
 l - a potion of curing
Books
 c - a book of Changes

   Spells                             Type                      Level
   a - Beastly Appendage              Transmutation                1
   b - Sticks to Snakes               Transmutation                2
   c - Spider Form                    Transmutation/Poison         3
   d - Ice Form                       Ice/Transmutation            4
   e - Blade Hands                    Transmutation                5
Comestibles
 d - a bread ration


   Skills:
 + Level 1.1 Fighting
 + Level 0.1 Short Blades
 + Level 0.5 Armour
 + Level 2.2 Dodging
 + Level 0.4 Stealth
 + Level 3.5 Unarmed Combat
 + Level 1.9 Spellcasting
 + Level 2.1 Transmutations


You had 4 spell levels left.
You knew the following spells:

 Your Spells              Type           Power        Failure   Level  Hunger
a - Beastly Appendage     Trmt           #.....       17%         1    #......


Dungeon Overview and Level Annotations

Branches:
Dungeon (2/15)


Innate Abilities, Weirdness & Mutations

You have an increased reservoir of magic (+10% MP).
Your attributes are resistant to harm.
You have a pair of horns on your head.


Message History

You hit the gnoll.
The gnoll is poisoned.
Your kick misses the gnoll.
The gnoll is moderately wounded.
The gnoll barely misses you.
Found a mace.
You hit the gnoll.
You kill the gnoll!
The gnoll closely misses you.
Your talons disappear.
The gnoll barely misses you. The gnoll closely misses you.
The gnoll hits you from afar with a spear.
* * * LOW HITPOINT WARNING * * *
An adder comes into view.
Casting: Beastly Appendage
Confirm with . or Enter, or press ? or * to list all spells.
You grow a pair of large bovine horns.
The gnoll hits you from afar with a spear.
* * * LOW HITPOINT WARNING * * *
The gnoll hits you with a spear!
You die...

....>.. .# .........# .
#........##. #.....#.#..
.....#..g# #####.......
##.##########...<....>#
#..S....@g.....##.....###
..#.#####g.......#......#
#......$.####.#†.
#)...............
###############..
##########† #..........
######.#######..
#.......# #.#


You could see 2 gnolls and an adder.

Vanquished Creatures
  A gnoll (D:2)
  3 adders
  A worm (D:2)
  2 giant cockroaches
  3 hobgoblins (D:1)
  A giant newt (D:1)
  2 goblins (D:1)
  9 kobolds
  3 rats
25 creatures vanquished.

Notes
Turn   | Place    | Note
--------------------------------------------------------------
     0 | D:1      | penguinsfan71 the Demigod Transmuter began the quest for the Orb.
     0 | D:1      | Reached XP level 1. HP: 15/15 MP: 5/5
   223 | D:1      | Reached skill level 3 in Unarmed Combat
   377 | D:1      | Reached XP level 2. HP: 20/22 MP: 7/7
   498 | D:1      | Reached skill level 1 in Fighting
   562 | D:1      | You fall through a shaft!
   818 | D:2      | Reached XP level 3. HP: 24/28 MP: 8/8
   888 | D:2      | Slain by a gnoll

Action                   || total
-------------------------++-------
Melee: Dagger            ||    74
       Unarmed           ||     3
Throw: Stone             ||     2
 Cast: Beastly Appendage ||     6
  Use: Scroll            ||     4
       Potion            ||     1
 Stab: Sleeping          ||     1
